 Dungeon Crawl Stone Soup version 0.28.0-43-g3370ac3207 (webtiles) character file.

Game seed: 5645771662147910477

57 Arcadio the Shooter (level 4, 0/28 HPs)
             Began as a Kobold Hunter on Mar 3, 2022.
             Was a Follower of Qazlal.
             Slain by an adder (3 damage)
             ... on level 1 of the Dungeon.
             The game lasted 00:03:12 (1651 turns).

Arcadio the Shooter (Kobold Hunter)                 Turns: 1651, Time: 00:03:12

Health: 0/28       AC:  3    Str: 11    XL:     4   Next: 18%
Magic:  4/4        EV: 15    Int: 12    God:    Qazlal [*.....]
Gold:   34         SH:  2    Dex: 15    Spells: 3/3 levels left

rFire   . . .      SeeInvis .   b - +0 dagger (venom)
rCold   . . .      Faith    .   (no shield)
rNeg    . . .      Spirit   .   c - +0 leather armour
rPois   .          Reflect  .   (no helmet)
rElec   .          Harm     .   (no cloak)
rCorr   .          Rampage  .   (no gloves)
Will    .....                   (no boots)
Stlth   ++........              (no amulet)
HPRegen 0.09/turn               (no ring)
MPRegen 0.09/turn               (no ring)

@: lethally poisoned (0 -> -1)
A: small, no large weapons, nightstalker 3
a: Renounce Religion


You were on level 1 of the Dungeon.
You worshipped Qazlal.
Qazlal was aware of your devotion.
You visited 1 branch of the dungeon, and saw 2 of its levels.

You collected 34 gold pieces.

Inventory:

Hand Weapons
 a - a +1 shortbow
 b - a +0 dagger of venom (weapon)
 f - a +0 short sword
Missiles
 d - 20 arrows
Armour
 c - a +0 leather armour (worn)
Potions
 e - a potion of magic {unknown}
 g - a potion of cancellation {unknown}


   Skills:
 + Level 3.1 Fighting
 + Level 4.5 Bows
 + Level 3.5 Dodging
 - Level 1.3 Stealth


You had 3 spell levels left.
You didn't know any spells.
Your spell library was empty.

Dungeon Overview and Level Annotations

Branches:
Dungeon (2/15)

Altars:
Qazlal


Innate Abilities, Weirdness & Mutations

You are small and have problems with some larger weapons.
You are completely attuned to the shadows.


Message History

An adder comes into view.
You hear an angry hiss.
The bat closely misses you.
An adder comes into view.
You see here 6 gold pieces.
You hit the bat.
You kill the bat!
Qazlal accepts your kill.
You miss the adder. The adder bites you but does no damage.
The adder bites you. The adder misses you.
You feel your willpower return.
A goblin comes into view. It is wielding a +0 club.
The adder bites you but does no damage.
The goblin shouts!
The adder misses you. The adder bites you but does no damage.
The adder closely misses you.
There is a stone staircase leading up here.
The adder barely misses you. x2; The adder completely misses you.
You climb upwards.
There is a stone staircase leading down here.
You hit the adder.
The adder is moderately wounded.
The adder misses you. The adder bites you.
* * * LOW HITPOINT WARNING * * *
You are poisoned.
The adder poisons you!
You closely miss the adder.
The adder is moderately wounded.
You feel sick. The adder barely misses you.
The adder bites you but does no damage. The adder bites you.
* * * LOW HITPOINT WARNING * * *
You hit the adder but do no damage.
The adder is moderately wounded.
You feel sick. The adder bites you but does no damage. The adder misses you.
You hit the adder.
The adder is poisoned.
The adder is moderately wounded.
You feel sick. The adder closely misses you.
The adder bites you but does no damage. The adder bites you.
You die...

)≈≈≈..≈≈.#.....## #.........####
≈..≈..≈..#.####.## #....⌠......##
####..####.# ##.###.........##..
##.# #.# ##.###.......####. #.#
#.# ###..###...### #. #.# #.#
#.....#####.### ## #.# #.#
#.##...####...#### #.#
#.#####S##.#.##.......## #.#
#....##@##.#.#.......... #####.#
####.##S##...#....⌠....# ......#
#.##.####.#....)....# #######
#.##.# #.##.......## #.##.#
######...###. #.##.# #######.
#.##.############.##. #########
#.#..)...............
#.......#####..#.#.##########.#.#


You could see 2 adders.

Vanquished Creatures
  An adder (D:2)
  4 dart slugs (D:1)
  5 ball pythons
  4 bats
  3 endoplasms (D:1)
  2 giant cockroaches (D:1)
  3 goblins (D:1)
  A hobgoblin (D:1)
  6 jackals (D:1)
  3 kobolds (D:1)
  A quokka (D:1)
  2 frilled lizards (D:1)
  A rat (D:1)
36 creatures vanquished.

Notes
Turn   | Place    | Note
-------+----------+-------------------------------------------
     0 | D:1      | Arcadio the Kobold Hunter began the quest for the Orb.
     0 | D:1      | Reached XP level 1. HP: 12/12 MP: 1/1
   125 | D:1      | Reached XP level 2. HP: 6/18 MP: 2/2
   438 | D:1      | Found a faded altar of an unknown god.
   462 | D:1      | Prayed at the altar of an unknown god.
   462 | D:1      | Became a worshipper of Qazlal Stormbringer
   462 | D:1      | Reached * piety under Qazlal
   791 | D:1      | Reached XP level 3. HP: 12/22 MP: 3/3
  1630 | D:2      | Reached XP level 4. HP: 11/28 MP: 4/4
  1651 | D:1      | Slain by an adder

Illustrated notes

Levels and vault maps discovered:
D:1:      dpeg_arrival_three_same_balls, layout_loops_ring,
          chequers_ecumenical_altar_island, amethyst_killhole,
          minmay_pentomino_x4
D:2:      layout_rooms, basic_altar, palyth_stone_intersect,
          uniq_crazy_yiuf_cottage

Skill      XL: |  1  2  3 |
---------------+----------+-----
Dodging        | 3 |  3.5
Fighting       | 3 |  3.1
Bows           | |  4.5
Stealth        | |  1.3

Action                   |  1- 3 |  4- 6 || total
-------------------------+-------+-------++-------
Melee: Short sword       |    30 |       ||    30
       Dagger            |    77 |     8 ||    85
       Punch             |     2 |       ||     2
 Fire: Shortbow          |     2 |       ||     2
  Use: Scroll            |     1 |       ||     1
 Stab: Sleeping          |     1 |       ||     1
Armor: Leather armour    |    20 |     9 ||    29
Dodge: Dodged            |    81 |    15 ||    96
Block: Other             |     6 |       ||     6
